 Dungeon Crawl Stone Soup version 0.16-a0-4024-g0ecf4ac (webtiles) character file.

342 plathrop the Slasher (level 6, 0/85 HPs)
             Began as a Minotaur Berserker on Feb 18, 2015.
             Was a Believer of Trog.
             Succumbed to a kobold's poison
             ... on level 3 of the Dungeon.
             The game lasted 00:05:13 (1747 turns).

plathrop the Slasher (Minotaur Berserker)           Turns: 1747, Time: 00:05:13

Health: 0/85       AC:  9    Str: 26    XL:     6   Next: 30%
Magic:  3/3        EV:  9    Int:  4    God:    Trog [**....]
Gold:   83         SH:  0    Dex: 12    Spells: 0 memorised, 5 levels left

rFire  . . .     SeeInvis .     a - +1 falchion
rCold  . . .     Clarity  .     b - +0 chain mail
rNeg   . . .     SustAb   .     (no shield)
rPois  .         Gourm    .     (helmet restricted)
rElec  .         Spirit   .     (no cloak)
rCorr  .         Warding  .     (no gloves)
rMut   .         Stasis   .     (no boots)
MR     ++...                    (no amulet)
Stlth  ..........               j - ring of stealth
                                (no ring)

@: berserking, lethally poisoned (0 -> -24), very slightly contaminated,
regenerating, invisible, very quick, very resistant to hostile enchantments,
extremely unstealthy
A: retaliatory headbutt, horns 2
a: Burn Spellbooks, Berserk, Trog's Hand, Renounce Religion


You were on level 3 of the Dungeon.
You worshipped Trog.
Trog was pleased with you.
You were not hungry.

You visited 1 branch of the dungeon, and saw 3 of its levels.

You collected 83 gold pieces.

Inventory:

Hand weapons
 a - a +1 falchion (weapon)
Armour
 b - a +0 chain mail (worn)
Jewellery
 j - a ring of stealth (right hand)
Scrolls
 d - 2 scrolls of remove curse
Potions
 f - a potion of restore abilities
 l - a potion of beneficial mutation {unknown}
Comestibles
 c - 2 bread rations


   Skills:
 - Level 5.7 Fighting
 + Level 6.1 Long Blades
 + Level 3.7 Armour
 + Level 3.3 Dodging


You had 5 spell levels left.
You didn't know any spells.

Dungeon Overview and Level Annotations

Branches:
Dungeon (3/15)

Altars:
Cheibriados
Elyvilon
Gozag
Makhleb
Xom


Innate Abilities, Weirdness & Mutations

You reflexively headbutt those who attack you in melee.
You have a pair of horns on your head.


Message History

* * * LOW HITPOINT WARNING * * *
You writhe in agony.
* * * LOW HITPOINT WARNING * * *
You hit Grinder.
You kill Grinder!
Trog accepts your kill.
Your Long Blades skill increases to level 6!
Your Armour skill increases to level 3!
Your Dodging skill increases to level 3!
You have reached level 6!
Your experience leads to an increase in your attributes!
Your base attributes are Str 21, Int 4, Dex 11.
Increase (S)trength, (I)ntelligence, or (D)exterity?
You feel agile.
* * * LOW HITPOINT WARNING * * *
You feel sick. The kobold hits you but does no damage.
You are more poisoned.
You are too berserk!
You miss the kobold.
You die...

###.... .
#.#......# ..#.....
#. #.######.#
#.#.... #. #.# #.#
..#. . #.##.# #.#
### .....# #.# .#
###.#..# #.# .+
.###...#..# #.# .#
.......†#..######.#
.#
.......K@.........#
.#
..........#########
.. ..........# #.
.........# .
.........#
######+#.# #.# #.#
...


You could see a kobold.

Vanquished Creatures
  Grinder (D:3)
  A hound (D:2)
  6 adders
  2 worms (D:2)
  4 giant geckos
  An ooze (D:1)
  An orc (D:3)
  A ball python (D:3)
  A giant cockroach (D:2)
  5 hobgoblins
  6 jackals
  5 kobolds
  A bat (D:2)
  4 giant newts
  3 goblins
  9 rats
51 creatures vanquished.

Notes
Turn   | Place    | Note
--------------------------------------------------------------
     0 | D:1      | plathrop, the Minotaur Berserker, began the quest for the Orb.
     0 | D:1      | Reached XP level 1. HP: 19/19 MP: 1/1
   134 | D:1      | Found a shimmering altar of Xom.
   144 | D:1      | Reached skill level 4 in Long Blades
   265 | D:1      | Reached XP level 2. HP: 27/27 MP: 1/1
   451 | D:1      | Acquired Trog's second power
   687 | D:2      | Reached XP level 3. HP: 24/34 MP: 2/2
   887 | D:2      | Reached XP level 4. HP: 41/41 MP: 2/2
   937 | D:2      | Found a white marble altar of Elyvilon.
   944 | D:2      | Reached skill level 5 in Fighting
   944 | D:2      | Reached skill level 5 in Long Blades
  1039 | D:2      | Found a snail-covered altar of Cheibriados.
  1174 | D:2      | Found a burning altar of Makhleb.
  1630 | D:3      | Reached XP level 5. HP: 47/49 MP: 2/2
  1635 | D:3      | Found an opulent altar of Gozag.
  1721 | D:3      | Noticed Grinder
  1731 | D:3      | Paralysed by Grinder for 7 turns
  1745 | D:3      | HP: 3/75 [Grinder (1)]
  1746 | D:3      | Killed Grinder
  1746 | D:3      | Reached skill level 6 in Long Blades
  1746 | D:3      | Reached XP level 6. HP: 3/57 MP: 3/3
  1747 | D:3      | Succumbed to a kobold's poison

Action                   |  1- 3 |  4- 6 || total
-------------------------+-------+-------++-------
Melee: Falchion          |    64 |    63 ||   127
Invok: Berserk           |     1 |     1 ||     2
       Trog's Hand       |       |     1 ||     1
  Use: Scroll            |     3 |     3 ||     6
       Potion            |       |     2 ||     2
  Eat: Bread ration      |     1 |       ||     1
